 Dungeon Crawl Stone Soup version bcrawl-1.12-8-g964540c432 (webtiles) character file.

Game seed: 4337367767429308627

20 MisterOstroum the Sneak (level 3, 29/29 HPs)
             Began as a Formicid Archaeologist on June 8, 2019.
             Quit the game on level 1 of the Dungeon.
             The game lasted 00:02:05 (1040 turns).

MisterOstroum the Sneak (Formicid Archaeologist)    Turns: 1040, Time: 00:02:05

Health: 29/29      AC:  7    Str: 16    XL:     3   Next: 0%
Magic:  3/3        EV: 12    Int: 13    God:
Gold:   10         SH:  0    Dex:  9    Spells: 2/2 levels left

rFire    . . .     SeeInvis +   n - +0 mace
rCold    + . .     Gourm    .   (no shield)
rNeg     . . .     Faith    .   g - +1 robe {rC+}
rPois    .         Spirit   .   (helmet unavailable)
rElec    .         Reflect  .   (no cloak)
rCorr    .         Harm     .   c - +1 pair of gloves
MR       .....                  b - +1 pair of boots
Stlth    ++........             (no amulet)
HPRegen  0.09/turn              (no ring)
MPRegen  0.08/turn              (no ring)

@: studying Bows
A: permanent stasis, dig shafts and tunnels, four strong arms, antennae 3
a: Dig, Shaft Self


You were on level 1 of the Dungeon.
You were not hungry.

You visited 1 branch of the dungeon, and saw 2 of its levels.

You collected 10 gold pieces.

Inventory:

Hand Weapons
 h - a +0 dagger
 l - a +0 club
 n - a +0 mace (weapon)
Armour
 a - a +1 robe
 b - a +1 pair of boots (worn)
 c - a +1 pair of gloves (worn)
 g - a +1 robe of cold resistance (worn)
Scrolls
 i - a scroll of noise {unknown}
 j - a scroll of immolation {unknown}
 k - 3 scrolls of teleportation {unknown}
Potions
 o - a potion of might {unknown}
Books
 d - a manual of Bows
Miscellaneous
 f - an ancient crate
Comestibles
 e - 2 rations {!d}
 m - 3 chunks of flesh


   Skills:
 + Level 3.0 Fighting
 - Level 2.6 Dodging
 - Level 4.0 Stealth


You had 2 spell levels left.
You didn't know any spells.
Your spell library was empty.

Dungeon Overview and Level Annotations

Branches:
Dungeon (2/12)

Altars:
Sif Muna


Innate Abilities, Weirdness & Mutations

You cannot be hasted, slowed, berserked, paralysed or teleported.
You can dig through walls and to a lower floor.
Your four strong arms can wield two-handed weapons with a shield.
You have a pair of large antennae on your head. (SInv)


Message History

The jackal bites you.
You closely miss the jackal.
The jackal bites you but does no damage. x2
You barely miss the jackal.
The jackal bites you but does no damage. x2
You barely miss the jackal. The jackal barely misses you. x2
You hit the jackal.
The jackal is severely wounded.
The jackal bites you.
The jackal bites you but does no damage.
You hit the jackal.
You kill the jackal!
No target in view!
No target in view!
No target in view!
No target in view!
No target in view!
No target in view!
No target in view!
No target in view!
No target in view!
No target in view!
No target in view!
No target in view!
Some of the chunks of flesh in your inventory have rotted away.
All of the chunks of flesh in your inventory have rotted away.
You butcher the jackal corpse.
m - 2 chunks of flesh You see here a jackal skeleton. x2
Found an escape hatch in the floor.
Found a stone staircase leading down.
There is a stone staircase leading down here.
There is an escape hatch in the floor here.
e - 2 rations {!d} (gained 1)
There is an escape hatch in the floor here.
A giant cockroach comes into view.
A giant cockroach is nearby!
Found a hunting sling.
You closely miss the giant cockroach.
The giant cockroach bites you but does no damage.
You hit the giant cockroach.
The giant cockroach is moderately wounded.
The giant cockroach bites you but does no damage. x2
You closely miss the giant cockroach.
The giant cockroach is moderately wounded.
The giant cockroach barely misses you. The giant cockroach closely misses you.
You are feeling hungry.
You hit the giant cockroach.
You kill the giant cockroach!
No target in view!
No target in view!
No target in view!
No target in view!
No target in view!
No target in view!
No target in view!
No target in view!
No target in view!
No target in view!
No target in view!
No target in view!
No target in view!
No target in view!
No target in view!
No target in view!
No target in view!
No target in view!
No target in view!
No target in view!
No target in view!
Search for what [? for help]? armor
(D) Dungeon
Where to? (? - help)
Okay, then.
You see here a giant cockroach corpse.
You butcher the giant cockroach corpse.
m - 4 chunks of flesh (gained 2) Eating one of 4 chunks of flesh.
You eat one of the 4 chunks of flesh.
This raw flesh tastes terrible.
Found a stone staircase leading down.
A rat comes into view.
A rat is nearby!
The helpless rat fails to defend itself.
You hit the rat.
The rat is heavily wounded.
The rat closely misses you.
You barely miss the rat.
The rat is heavily wounded.
The rat bites you but does no damage. The rat closely misses you.
You barely miss the rat.
The rat is heavily wounded.
The rat barely misses you.
You hit the rat.
You kill the rat!
Your Fighting skill increases to level 3!
You have reached level 3!
Your experience leads to an increase in your attributes!
Increase (S)trength, (I)ntelligence, or (D)exterity?
You feel stronger.
You have an epiphany!
The dusty tome is a manual of Bows!
Reading it may be key to unlocking the crate...
Are you sure you want to abandon this character and quit the game? (Confirm with "yes".)

....# ....# ....#
....# ....# ....+
....##############
#+#.#............#{
#.#.#.######.#.#@#
#.#.#.# #.#.#†#
#.#.#.######.#...#
.............).>.#
#.#.#.#.####.#.#.#
#.#.#.#.# #.#.#.#
#.#.#.# # #.#...#
..#.#.# # ###
..#.#.#


There were no monsters in sight!

Vanquished Creatures
  A dart slug (D:1)
  2 giant cockroaches (D:1)
  2 goblins (D:1)
  4 hobgoblins
  A jackal (D:1)
  A ball python (D:1)
  2 bats (D:1)
  A kobold (D:1)
  3 rats (D:1)
17 creatures vanquished.

Notes
Turn   | Place    | Note
-------+----------+-------------------------------------------
     0 | D:1      | MisterOstroum the Formicid Archaeologist began the quest
                  | for the Orb.
     0 | D:1      | Reached XP level 1. HP: 15/15 MP: 1/1
   205 | D:1      | Reached XP level 2. HP: 14/22 MP: 2/2
   242 | D:1      | HP: 1/23 [hobgoblin/+0 club (4)]
   298 | D:2      | Found a deep blue altar of Sif Muna.
  1039 | D:1      | Reached XP level 3. HP: 29/29 MP: 3/3
  1040 | D:1      | Quit the game

Skill      XL: |  1  2 |
---------------+-------+-----
Fighting       | 2 3 |  3.0
Dodging        | |  2.6
Stealth        | |  4.0

Action                   || total
-------------------------++-------
Melee: Unarmed           ||    17
       Dagger            ||    39
       Club              ||    23
       Mace              ||    21
 Stab: Sleeping          ||     2
  Eat: Chunk             ||     1
Armor: Robe              ||    38
Dodge: Dodged            ||    69
